PAA
MERCER ISLAND SCREAMING EAGLES @ PHOENIX HOTSPUR YOUTH
06/15/2021
 
TOP OF THE 1ST
Mercer Island Screaming Eagles batting - Pitching for Phoenix Hotspur Youth : RHP Donald Gregory
Pitching: RHP Donald Gregory
Batting: LHB Nelson Plasenia 0-0: Ball
1-0: Called Strike
1-1: SINGLE (Groundball, 3D)
Batting: SHB José Salazar 0-0: Ball
1-0: SINGLE (Flyball, 8LS)
Nelson Plasenia to second
Runner from 2nd tries for 3rd, SAFE, no throw or cutoff
Batting: SHB Ray Davis 0-0: SINGLE (Line Drive, 9LS)
Nelson Plasenia scores
José Salazar to second
Batting: RHB Luis Antonio Hernández 0-0: Called Strike
0-1: Foul Ball, location: 2F
0-2: Ball
1-2: Fly out, F8 (Flyball, 8RM)
Batting: RHB Enrique Echevarría 0-0: Called Strike
0-1: Called Strike
Throwing error on steal attempt, E2
José Salazar scores
Ray Davis to third
0-2: Ball
1-2: Ground out 6-3 (Groundball, 6)
Ray Davis scores
Batting: SHB Miguel Pérez 0-0: Ball
1-0: Ball
2-0: Ball
3-0: Called Strike
3-1: Called Strike
3-2: Base on Balls
Batting: RHB Randy Rehling 0-0: Ball
1-0: Ball
2-0: Swinging Strike
2-1: Ground out 5-3 (Groundball, 5)
Top of the 1st over - 3 run(s), 3 hit(s), 1 error(s), 1 left on base; Mercer Island 3 - Phoenix Hotspur 0
BOTTOM OF THE 1ST
Phoenix Hotspur Youth batting - Pitching for Mercer Island Screaming Eagles : RHP Marcos López
Pitching: RHP Marcos López
Batting: LHB Arthur Ryan 0-0: Called Strike
0-1: Ball
1-1: Called Strike
1-2: Foul Ball, location: 2F
1-2: Foul Ball, location: 2F
1-2: Fly out, F9 (Flyball, 9D)
Batting: RHB Júlio Mateo 0-0: Swinging Strike
0-1: Ball
1-1: Ball
2-1: Fly out, F8 (Flyball, 8RM)
Batting: RHB Ben Anderson 0-0: Swinging Strike
0-1: Ball
1-1: Ball
2-1: Foul Ball, location: 2F
2-2: Ball
3-2: Fly out, F8 (Flyball, 89M)
Bottom of the 1st over - 0 run(s), 0 hit(s), 0 error(s), 0 left on base; Mercer Island 3 - Phoenix Hotspur 0
TOP OF THE 2ND
Mercer Island Screaming Eagles batting - Pitching for Phoenix Hotspur Youth : RHP Donald Gregory
Batting: LHB Mike Russell 0-0: Ball
1-0: SINGLE (Groundball, 25) (infield hit)
Batting: RHB Lloyd Alberink 0-0: Ball
1-0: Called Strike
Reached via error on a dropped throw, E3
Mike Russell to second
Batting: LHB Nelson Plasenia 0-0: Ball
1-0: Ball
2-0: Called Strike
2-1: Foul Ball, location: 2F
2-2: Ball
3-2: Foul Ball, location: 2F
3-2: Strikes out swinging
Batting: SHB José Salazar 0-0: Fly out, F3 (Line Drive, 34)
0-0: Lined into DP, U3 (Line Drive, 34)
Top of the 2nd over - 0 run(s), 1 hit(s), 1 error(s), 1 left on base; Mercer Island 3 - Phoenix Hotspur 0
BOTTOM OF THE 2ND
Phoenix Hotspur Youth batting - Pitching for Mercer Island Screaming Eagles : RHP Marcos López
Batting: RHB Ángel Rivera 0-0: Ball
1-0: Ball
2-0: Called Strike
2-1: Ball
3-1: Swinging Strike
3-2: Strikes out looking
Batting: RHB Juan Aguirre 0-0: Called Strike
0-1: Swinging Strike
0-2: Foul Ball, location: 2F
0-2: Ball
1-2: Fly out, F8 (Line Drive, 8LM)
Batting: SHB Jesús González 0-0: Called Strike
0-1: Foul Ball, location: 2F
0-2: Ball
1-2: Ball
2-2: Ground out 5-3 (Groundball, 56S)
Bottom of the 2nd over - 0 run(s), 0 hit(s), 0 error(s), 0 left on base; Mercer Island 3 - Phoenix Hotspur 0
TOP OF THE 3RD
Mercer Island Screaming Eagles batting - Pitching for Phoenix Hotspur Youth : RHP Donald Gregory
Batting: SHB Ray Davis 0-0: Foul Ball, location: 2F
0-1: SINGLE (Groundball, 56D)
Batting: RHB Luis Antonio Hernández 0-0: Called Strike
Ray Davis is caught stealing 2nd base
0-1: Ground out 5-3 (Groundball, 56)
Batting: RHB Enrique Echevarría 0-0: Swinging Strike
0-1: Swinging Strike
0-2: Ball
1-2: Ball
2-2: Strikes out swinging
Top of the 3rd over - 0 run(s), 1 hit(s), 0 error(s), 0 left on base; Mercer Island 3 - Phoenix Hotspur 0
BOTTOM OF THE 3RD
Phoenix Hotspur Youth batting - Pitching for Mercer Island Screaming Eagles : RHP Marcos López
Batting: RHB Ed Sharp 0-0: Ball
1-0: Called Strike
1-1: Ball
2-1: Ball
3-1: Called Strike
3-2: Strikes out swinging
Batting: RHB Satoshi Terada 0-0: Called Strike
0-1: Ball
1-1: Foul Ball, location: 2F
1-2: Foul Ball, location: 2F
1-2: Ball
2-2: Ground out 5-3 (Groundball, 5)
Batting: RHB Fernando Rivera 0-0: Called Strike
0-1: Fly out, F9 (Flyball, 89M)
Bottom of the 3rd over - 0 run(s), 0 hit(s), 0 error(s), 0 left on base; Mercer Island 3 - Phoenix Hotspur 0
TOP OF THE 4TH
Mercer Island Screaming Eagles batting - Pitching for Phoenix Hotspur Youth : RHP Donald Gregory
Batting: SHB Miguel Pérez 0-0: Bunt for hit - play at first, batter safe!
Batting: RHB Randy Rehling 0-0: Ball
1-0: Swinging Strike
1-1: Ball
2-1: Ball
Throwing error on steal attempt, E2
Miguel Pérez to third
3-1: SINGLE (Groundball, 56D)
Miguel Pérez scores
Batting: LHB Mike Russell 0-0: Called Strike
0-1: Ball
1-1: Foul Ball, location: 2F
1-2: Ball
2-2: 2-RUN HOME RUN (Line Drive, 89XD), Distance : 392 ft
Pitching: LHP Tim Allen
Batting: RHB Lloyd Alberink 0-0: Called Strike
0-1: Fly out, F7 (Flyball, 78M)
Batting: LHB Nelson Plasenia 0-0: Swinging Strike
0-1: Swinging Strike
0-2: Ball
1-2: Strikes out looking
Batting: SHB José Salazar 0-0: Ball
1-0: Called Strike
1-1: Called Strike
1-2: Ball
2-2: Ball
3-2: Base on Balls
Batting: SHB Ray Davis 0-0: Called Strike
0-1: Foul Ball, location: 2F
0-2: Ball
1-2: Foul Ball, location: 2F
1-2: Ball
2-2: SINGLE (Groundball, 56S)
José Salazar to second
Batting: RHB Luis Antonio Hernández 0-0: Called Strike
0-1: Ball
1-1: Ball
2-1: Called Strike
2-2: Ball
3-2: Foul Ball, location: 2F
3-2: SINGLE (Line Drive, 89S)
José Salazar to third
Ray Davis to second
José Salazar scores
Ray Davis to third
Batting: RHB Enrique Echevarría 0-0: Foul Ball, location: 2F
0-1: Foul Ball, location: 2F
0-2: Ball
1-2: Foul Ball, location: 2F
1-2: Foul Ball, location: 2F
1-2: Foul Ball, location: 2F
1-2: Ball
2-2: Strikes out swinging
Top of the 4th over - 4 run(s), 5 hit(s), 1 error(s), 2 left on base; Mercer Island 7 - Phoenix Hotspur 0
BOTTOM OF THE 4TH
Phoenix Hotspur Youth batting - Pitching for Mercer Island Screaming Eagles : RHP Marcos López
Batting: LHB Arthur Ryan 0-0: Called Strike
0-1: Ball
1-1: Ball
2-1: Swinging Strike
2-2: Ground out 5-3 (Groundball, 5S)
Batting: RHB Júlio Mateo 0-0: SINGLE (Line Drive, 4MD)
Batting: RHB Ben Anderson 0-0: Ball
1-0: Foul Ball, location: 2F
1-1: Fielders Choice at 2nd, 6-4 (Groundball, 6)
Batting: RHB Ángel Rivera 0-0: Ground out 5-3 (Groundball, 5L)
Bottom of the 4th over - 0 run(s), 1 hit(s), 0 error(s), 1 left on base; Mercer Island 7 - Phoenix Hotspur 0
TOP OF THE 5TH
Mercer Island Screaming Eagles batting - Pitching for Phoenix Hotspur Youth : LHP Tim Allen
Batting: SHB Miguel Pérez 0-0: Foul Ball, location: 2F
0-1: Ball
1-1: Foul Ball, location: 2F
1-2: Ball
2-2: Ball
3-2: Foul Ball, location: 2F
3-2: Ground out 5-3 (Groundball, 56)
Batting: RHB Randy Rehling 0-0: Foul Ball, location: 2F
0-1: Ball
1-1: Called Strike
1-2: Strikes out swinging
Batting: LHB Mike Russell 0-0: Hit by Pitch
Batting: RHB Lloyd Alberink 0-0: Ball
1-0: Ball
2-0: Swinging Strike
2-1: Ball
Wild Pitch!
Mike Russell to second
3-1: Ground out 6-3 (Groundball, 6)
Top of the 5th over - 0 run(s), 0 hit(s), 0 error(s), 1 left on base; Mercer Island 7 - Phoenix Hotspur 0
BOTTOM OF THE 5TH
Phoenix Hotspur Youth batting - Pitching for Mercer Island Screaming Eagles : RHP Marcos López
Batting: RHB Juan Aguirre 0-0: Called Strike
0-1: Ball
1-1: Swinging Strike
1-2: Ball
2-2: Ball
3-2: Fly out, F7 (Flyball, 78M)
Batting: SHB Jesús González 0-0: Called Strike
0-1: Foul Ball, location: 2F
0-2: Ball
1-2: Foul Ball, location: 2F
1-2: SINGLE (Line Drive, 6M)
Batting: RHB Ed Sharp 0-0: Ball
1-0: Ball
2-0: Grounds into double play, 1-6-3 (Groundball, 15)
Bottom of the 5th over - 0 run(s), 1 hit(s), 0 error(s), 0 left on base; Mercer Island 7 - Phoenix Hotspur 0
TOP OF THE 6TH
Mercer Island Screaming Eagles batting - Pitching for Phoenix Hotspur Youth : LHP Tim Allen
Batting: LHB Nelson Plasenia 0-0: Swinging Strike
0-1: Ground out U3 (Groundball, 3S)
Batting: SHB José Salazar 0-0: Ball
1-0: Foul Ball, location: 2F
1-1: Fly out, F5 (Line Drive, 5)
Batting: SHB Ray Davis 0-0: Called Strike
0-1: Fly out, F8 (Line Drive, 8RM)
Top of the 6th over - 0 run(s), 0 hit(s), 0 error(s), 0 left on base; Mercer Island 7 - Phoenix Hotspur 0
BOTTOM OF THE 6TH
Phoenix Hotspur Youth batting - Pitching for Mercer Island Screaming Eagles : RHP Marcos López
Batting: RHB Satoshi Terada 0-0: Called Strike
0-1: Ball
1-1: Fly out, F9 (Popup, 3D)
Batting: RHB Fernando Rivera 0-0: Called Strike
0-1: Swinging Strike
0-2: Ball
1-2: Strikes out swinging
Batting: LHB Arthur Ryan 0-0: SINGLE (Line Drive, 8LS)
Batting: RHB Júlio Mateo 0-0: Swinging Strike
0-1: Ball
Arthur Ryan steals 2nd base
1-1: Ball
2-1: SINGLE (Groundball, 6MD)
Arthur Ryan to third
Runner from 3rd tries for Home, SAFE, no throw or cutoff
Batting: RHB Ben Anderson 0-0: Swinging Strike
0-1: Ball
1-1: Fly out, F7 (Flyball, 7D)
Bottom of the 6th over - 1 run(s), 2 hit(s), 0 error(s), 1 left on base; Mercer Island 7 - Phoenix Hotspur 1
TOP OF THE 7TH
Mercer Island Screaming Eagles batting - Pitching for Phoenix Hotspur Youth : LHP Tim Allen
Batting: RHB Luis Antonio Hernández 0-0: Foul Ball, location: 2F
0-1: Ground out 5-3 (Groundball, 56)
Batting: RHB Enrique Echevarría 0-0: Ball
1-0: Called Strike
1-1: Ball
2-1: Foul Ball, location: 2F
2-2: Strikes out swinging
Batting: SHB Miguel Pérez 0-0: Called Strike
0-1: Called Strike
0-2: Strikes out swinging
Top of the 7th over - 0 run(s), 0 hit(s), 0 error(s), 0 left on base; Mercer Island 7 - Phoenix Hotspur 1
BOTTOM OF THE 7TH
Phoenix Hotspur Youth batting - Pitching for Mercer Island Screaming Eagles : RHP Marcos López
Batting: RHB Ángel Rivera 0-0: Foul Ball, location: 2F
0-1: Swinging Strike
0-2: Ball
1-2: DOUBLE (Flyball, 8LXD)
Batting: RHB Juan Aguirre 0-0: Ball
1-0: Ball
2-0: Called Strike
2-1: Foul Ball, location: 2F
2-2: Ball
3-2: Ground out 5-3 (Groundball, 5)
Pitching: RHP Chris Brown
Batting: SHB Jesús González 0-0: Ball
1-0: Ball
2-0: Called Strike
2-1: Fly out, F8 (Line Drive, 8LM)
Batting: RHB Ed Sharp 0-0: Ball
1-0: Swinging Strike
1-1: Ball
2-1: Ball
3-1: Swinging Strike
3-2: Foul Ball, location: 2F
3-2: Base on Balls
Batting: RHB Satoshi Terada 0-0: Ball
1-0: Swinging Strike
1-1: Ball
2-1: Ball
3-1: Called Strike
3-2: Foul Ball, location: 2F
3-2: Strikes out swinging
Bottom of the 7th over - 0 run(s), 1 hit(s), 0 error(s), 2 left on base; Mercer Island 7 - Phoenix Hotspur 1
TOP OF THE 8TH
Mercer Island Screaming Eagles batting - Pitching for Phoenix Hotspur Youth : LHP Tim Allen
Batting: RHB Randy Rehling 0-0: Called Strike
0-1: Ground out 6-3 (Groundball, 6)
Batting: LHB Mike Russell 0-0: Ball
1-0: Swinging Strike
1-1: Fly out, F9 (Flyball, 89M)
Batting: RHB Lloyd Alberink 0-0: Ball
1-0: Ground out 6-3 (Groundball, 6M)
Top of the 8th over - 0 run(s), 0 hit(s), 0 error(s), 0 left on base; Mercer Island 7 - Phoenix Hotspur 1
BOTTOM OF THE 8TH
Phoenix Hotspur Youth batting - Pitching for Mercer Island Screaming Eagles : RHP Chris Brown
Batting: RHB Fernando Rivera 0-0: Ground out 6-3 (Groundball, 6)
Batting: LHB Arthur Ryan 0-0: Called Strike
0-1: Ball
1-1: Ball
2-1: Ball
3-1: Base on Balls
Batting: RHB Júlio Mateo 0-0: Ball
1-0: Fly out, F8 (Flyball, 8LD)
Batting: RHB Ben Anderson 0-0: Called Strike
0-1: Foul Ball, location: 2F
0-2: Ball
1-2: Reached on error, E1 (Groundball, 23)
Arthur Ryan to third
Batting: RHB Ángel Rivera 0-0: Called Strike
0-1: Foul Ball, location: 2F
0-2: Foul Ball, location: 2F
0-2: Fly out, F7 (Line Drive, 78D)
Bottom of the 8th over - 0 run(s), 0 hit(s), 1 error(s), 2 left on base; Mercer Island 7 - Phoenix Hotspur 1
TOP OF THE 9TH
Mercer Island Screaming Eagles batting - Pitching for Phoenix Hotspur Youth : LHP Tim Allen
Batting: LHB Nelson Plasenia 0-0: Fly out, F9 (Flyball, 9M)
Batting: SHB José Salazar 0-0: Swinging Strike
0-1: Ball
1-1: Foul Ball, location: 2F
1-2: Ball
2-2: Fly out, F8 (Flyball, 8LM)
Batting: SHB Ray Davis 0-0: Called Strike
0-1: Ball
1-1: Ball
2-1: Called Strike
2-2: Foul Ball, location: 2F
2-2: Foul Ball, location: 2F
2-2: Ball
3-2: Fly out, F9 (Flyball, 9D)
Top of the 9th over - 0 run(s), 0 hit(s), 0 error(s), 0 left on base; Mercer Island 7 - Phoenix Hotspur 1
BOTTOM OF THE 9TH
Phoenix Hotspur Youth batting - Pitching for Mercer Island Screaming Eagles : RHP Chris Brown
Batting: RHB Juan Aguirre 0-0: Ball
1-0: Foul Ball, location: 2F
1-1: Foul Ball, location: 2F
1-2: Foul Ball, location: 2F
1-2: Strikes out looking
Pitching: RHP Marcos Mesa
Batting: SHB Jesús González 0-0: Called Strike
0-1: Ground out 3-1 (Groundball, 34)
Batting: RHB Ed Sharp 0-0: Fly out, F9 (Flyball, 9M)
Bottom of the 9th over - 0 run(s), 0 hit(s), 0 error(s), 0 left on base; Mercer Island 7 - Phoenix Hotspur 1
This league is powered by Out of the Park Baseball, the baseball management simulation game for PC, Mac and Linux
Friday, January 22nd, 2016 - OOTP Baseball 16.9 Build 39